 Dungeon Crawl Stone Soup version 0.28.0-53-g5a82cb258f (webtiles) character file.

Game seed: 16831895354570666882

31 quokkamancerX the Cudgeller (level 3, 0/51 HPs)
             Began as a Naga Berserker on June 26, 2022.
             Was a Follower of Trog.
             Slain by an adder (3 damage)
             ... on level 2 of the Dungeon.
             The game lasted 00:04:02 (1408 turns).

quokkamancerX the Cudgeller (Naga Berserker)        Turns: 1408, Time: 00:04:02

Health: 0/51       AC:  2    Str: 21    XL:     3   Next: 22%
Magic:  3/3        EV:  9    Int:  7    God:    Trog [*.....]
Gold:   54         SH:  0    Dex: 10    Spells: 2/2 levels left

rFire   . . .      SeeInvis +   a - +0 mace
rCold   . . .      Faith    .   (no shield)
rNeg    . . .      Spirit   .   e - +0 leather armour
rPois   +          Reflect  .   (no helmet)
rElec   .          Harm     .   (no cloak)
rCorr   .          Rampage  .   (no gloves)
Will    .....                   (no barding)
Stlth   ..........              (no amulet)
HPRegen 0.17/turn               (no ring)
MPRegen 0.08/turn               (no ring)

@: berserking, lethally poisoned (0 -> -1), quick
A: AC +1, large, see invisible, deformed body, poison resistance, slowness 2,
spit poison 1, naga tail 1
a: Spit Poison, Renounce Religion, Berserk


You were on level 2 of the Dungeon.
You worshipped Trog.
Trog was aware of your devotion.
You visited 1 branch of the dungeon, and saw 2 of its levels.

You collected 54 gold pieces.

Inventory:

Hand Weapons
 a - a +0 mace (weapon)
Armour
 e - a +0 leather armour (worn)
Scrolls
 b - a scroll of fear {unknown}
 c - a scroll of identify {unknown}
Potions
 d - a potion of might {unknown}
 f - 2 potions of curing {unknown}


   Skills:
 - Level 3.0 Fighting
 + Level 4.2 Maces & Flails
 - Level 1.5 Armour
 - Level 1.5 Dodging


You had 2 spell levels left.
You didn't know any spells.
Your spell library was empty.

Dungeon Overview and Level Annotations

Branches:
Dungeon (2/15)

Altars:


Innate Abilities, Weirdness & Mutations

Your serpentine skin is tough. (AC +1)
You have supernaturally acute eyesight. (SInv)
Armour fits poorly on your strangely shaped body.
Your system is resistant to poisons. (rPois)
You cover ground very slowly.
You can spit poison.
You have a snake-like lower body.


Message History

Trog accepts your kill.
You have got your breath back.
An adder comes into view.
The splash of poison hits the adder.
The adder is poisoned.
The adder is moderately wounded.
The adder hisses angrily.
You barely miss the adder.
The adder is heavily wounded.
The adder barely misses you. The adder bites you.
You are poisoned.
The adder poisons you!
You barely miss the adder.
The adder is heavily wounded.
You feel sick. The adder bites you.
You miss the adder.
The adder is severely wounded.
You have got your breath back.
You feel sick.
The adder looks more healthy.
The adder bites you. x2
You are more poisoned.
The adder poisons you!
You closely miss the adder.
The adder is almost dead.
You feel very sick. The adder barely misses you.
You hit the adder.
The adder is almost dead.
You feel sick. The adder closely misses you. The adder bites you.
* * * LOW HITPOINT WARNING * * *
You hit the adder but do no damage. Your punch misses the adder.
The adder is almost dead.
You feel sick. The adder misses you.
You fail to use your ability.
You feel sick. The adder barely misses you.
You closely miss the adder.
The adder is almost dead.
You feel sick. The adder bites you but does no damage. The adder bites you.
* * * LOW HITPOINT WARNING * * *
A red film seems to cover your vision as you go berserk!
You feel yourself moving faster!
You feel mighty!
You feel sick. The adder bites you.
You die...

#.......#..#....#
#########.###.#####
###.....# #.# #.#
#.....#.###†###.#####
##.#.#...............##
.....#.#..##.#..###....
#...#..##.#..###..##
#.........#..#....#
#.###@##.####..#.##.#
#...S..#............#
####...######.......#
#...# ####.#### #...#
#....... #...# #.##.##.
..... #. .# ...... .. .
....... ##. ##


You could see an adder.

Vanquished Creatures
  2 worms (D:2)
  A dart slug (D:1)
  2 ball pythons (D:2)
  4 bats
  4 endoplasms
  2 hobgoblins (D:1)
  3 kobolds (D:1)
  A quokka (D:1)
  A goblin (D:1)
  2 rats (D:1)
22 creatures vanquished.

Notes
Turn   | Place    | Note
-------+----------+-------------------------------------------
     0 | D:1      | quokkamancerX the Naga Berserker began the quest for the
                  | Orb.
     0 | D:1      | Reached XP level 1. HP: 21/21 MP: 1/1
   306 | D:1      | Reached XP level 2. HP: 25/28 MP: 2/2
   994 | D:2      | Reached skill level 4 in Maces & Flails
  1255 | D:2      | Reached XP level 3. HP: 34/34 MP: 3/3
  1408 | D:2      | Slain by an adder

Illustrated notes

Levels and vault maps discovered:
D:1:      nzn_arrival_settlement, layout_rooms
D:2:      layout_loops_cross, ebering_ecumenical_altar_rust, minmay_rat_hole

Skill      XL: |  1  2 |
---------------+-------+-----
Maces & Flails | 4 |  4.2
Fighting       | |  3.0
Armour         | |  1.5
Dodging        | |  1.5

Action                   || total
-------------------------++-------
Melee: Mace              ||    48
Invok: Berserk           ||     3
 Abil: Spit Poison       ||    19
Armor: Animal skin       ||     6
       Leather armour    ||     2
Dodge: Dodged            ||    29
